Map: Frozen Temple

Players

Lax - Winner!

  • Race: Zerg Zerg
  • League: Platinum

Gracz

  • Race: Protoss Protoss

VOD

Have the link to the VOD?

Description

Time

  • Played on: Oct. 20, 2016, 12:05 p.m.
  • Length: 12:03
Show
View Real Time Build Order
Export as new Build Order

Lax Zerg - Winner!

Build Orders: Pool First 

Get SALT Encoding   

  12  0:02  Drone  
  13  0:07  Drone  
  14  0:27  Spawning Pool  
  13  0:29  Drone  
  14  0:39  Overlord  
  14  0:48  Extractor x2, Drone  
  14  0:50  Drone  
  16  1:14  Extractor  
  16  1:18  Zergling x2, Unknown, Hatchery  
  15  1:27  Zergling x2  
  16  1:33  Queen  
  16  1:35  Drone  
  19  1:47  Drone x2  
  21  1:55  Overlord  
  21  2:02  Drone  
  22  2:22  Drone  
  23  2:23  Drone  
  23  2:25  Queen  
  23  2:29  Unknown  
  26  2:37  Drone x2  
  28  2:41  Metabolic Boost  
  28  2:59  Unknown, Hatchery  
  26  3:09  Zergling x4  
  28  3:18  Drone x5  
  34  3:34  Drone x3  
  36  3:51  Overlord x2  
  35  4:10  Unknown  
  35  4:12  Drone x5  
  35  4:13  Drone x3  
  42  4:22  Zergling x6  
  42  4:23  Zergling x4  
  46  4:29  Zergling x6  
  49  4:33  Lair  
  49  4:36  Extractor  
  48  4:45  Drone x5  
  49  4:47  Drone  
  54  4:53  Extractor  
  54  4:54  Extractor  
  50  5:11  Drone x4  
  50  5:12  Drone x3  
  55  5:41  Drone x3  
  55  5:42  Overlord  
  57  5:43  Overlord x9  
  55  6:07  Drone x7  
  55  6:08  Spire  
  61  6:13  Spore Crawler  
  60  6:19  Zergling x2  
  60  6:20  Zergling x4  
  60  6:21  Queen  
  65  6:26  Spore Crawler  
  64  6:41  Drone x8  
  64  6:42  Drone x3  
  64  6:44  Extractor  
  64  6:46  Extractor  
  73  6:49  Overseer  
  72  7:21  Mutalisk x10  
  92  7:24  Mutalisk  
  92  7:27  Unknown, Hatchery  
  92  7:29  Zergling x8  
  97  7:38  Spine Crawler  
  97  7:39  Spine Crawler  
  97  7:40  Spine Crawler x2  
  97  7:41  Spine Crawler, Drone x4  
  97  7:43  Drone x2  
  98  7:46  Drone  
  99  7:55  Zergling x2  
  99  7:56  Zergling x12  
  106  8:02  Zergling x2  
  106  8:03  Zergling x2  
  108  8:13  Zergling x4  
  108  8:14  Zergling x8  
  114  8:27  Overlord x3  
  114  8:39  Unknown  
  110  9:10  Mutalisk  
  110  9:11  Mutalisk x15  
  110  9:16  Queen  
  142  9:18  Zerg Flyer Weapons Level 1  
  144  9:44  Unknown, Hatchery  
  143  10:05  Evolution Chamber  
  143  10:06  Overlord x4  
  142  10:07  Evolution Chamber  
  141  10:18  Zergling x4  
  141  10:19  Zergling x18  
  152  10:22  Baneling Nest  
  150  10:56  Unknown  
  150  11:07  Baneling  
  150  11:08  Baneling x20  
  150  11:09  Baneling x3  
  150  11:11  Zergling x2  
  150  11:12  Zergling x22  
Show
View Real Time Build Order
Export as new Build Order

Gracz Protoss 

Build Orders:  

Get SALT Encoding   

  12  0:01  Probe (Chrono Boost)  
  13  0:18  Pylon  
  13  0:24  Probe (Chrono Boost)  
  14  0:35  Probe (Chrono Boost)  
  15  0:59  Gateway x2  
  15  1:02  Gateway  
  15  1:09  Assimilator  
  15  1:59  Assimilator  
  15  2:09  Cybernetics Core  
  15  2:12  Unknown, Nexus  
  15  2:15  Assimilator  
  15  2:17  Assimilator  
  15  2:25  Probe (Chrono Boost)  
  15  2:28  Zealot  
  15  2:31  Zealot  
  20  2:37  Probe (Chrono Boost)  
  20  2:45  Warp Gate  
  20  2:49  Probe (Chrono Boost)  
  21  3:01  Probe (Chrono Boost)  
  23  3:13  Probe (Chrono Boost)  
  23  3:20  Stalker  
  23  3:24  Unknown  
  23  3:26  Probe (Chrono Boost)  
  26  3:30  Probe (Chrono Boost)  
  27  3:38  Probe (Chrono Boost)  
  27  3:40  Probe (Chrono Boost)  
  30  3:50  Probe (Chrono Boost)  
  30  3:51  Probe (Chrono Boost)  
  31  3:58  Stalker  
  31  4:01  Probe (Chrono Boost)  
  31  4:02  Probe (Chrono Boost)  
  35  4:12  Probe (Chrono Boost)  
  35  4:14  Probe (Chrono Boost)  
  37  4:22  Probe (Chrono Boost)  
  37  4:26  Probe (Chrono Boost)  
  37  4:29  Assimilator  
  38  4:37  Pylon  
  38  4:44  Pylon  
  38  4:56  Probe (Chrono Boost)  
  38  4:57  Probe (Chrono Boost)  
  42  5:06  Probe (Chrono Boost)  
  43  5:09  Probe (Chrono Boost)  
  38  5:17  Probe (Chrono Boost)  
  38  5:21  Probe (Chrono Boost)  
  34  6:00  Probe (Chrono Boost)  
  34  6:01  Probe (Chrono Boost)  
  36  6:10  Probe (Chrono Boost)  
  37  6:13  Probe (Chrono Boost)  
  37  6:16  Pylon  
  38  6:19  Pylon  
  38  6:22  Pylon, Stalker  
  38  6:25  Twilight Council  
  38  6:27  Robotics Facility  
  38  6:34  Probe (Chrono Boost)  
  38  6:35  Robotics Facility  
  38  6:36  Probe (Chrono Boost)  
  40  6:45  Probe (Chrono Boost)  
  42  6:48  Probe (Chrono Boost)  
  42  6:54  Stalker x2  
  44  6:55  Probe (Chrono Boost)  
  44  7:00  Probe (Chrono Boost)  
  48  7:06  Mothership Core (Chrono Boost)  
  48  7:08  Stalker  
  52  7:12  Probe (Chrono Boost)  
  52  7:13  Pylon  
  53  7:24  Probe (Chrono Boost)  
  53  7:25  Probe (Chrono Boost)  
  53  7:26  Sentry x2  
  59  7:33  Blink  
  59  7:35  Probe (Chrono Boost)  
  59  7:36  Probe (Chrono Boost)  
  61  7:39  Stalker  
  63  7:46  Probe (Chrono Boost)  
  63  7:49  Probe (Chrono Boost)  
  65  7:56  Probe (Chrono Boost)  
  66  8:01  Probe (Chrono Boost)  
  66  8:03  Gateway x2  
  67  8:07  Probe (Chrono Boost)  
  67  8:08  Gateway  
  69  8:13  Probe (Chrono Boost)  
  69  8:19  Pylon  
  69  8:22  Pylon  
  69  8:24  Pylon  
  62  8:36  Stalker x2  
  42  9:13  Probe (Chrono Boost)  
  42  9:14  Probe (Chrono Boost)  
  42  9:16  Stalker  
  46  9:23  Probe (Chrono Boost)  
  47  9:26  Probe (Chrono Boost)  
  44  9:38  Probe (Chrono Boost)  
  30  10:00  Stalker x2  
  30  10:01  Stalker  
  36  11:07  Pylon  
  37  11:11  Probe (Chrono Boost)  
  35  11:35  Sentry  
Tags
 
Add a new tag
Caveats
  • Supply blocks, unpowered buildings, or Contaminate may cause inaccurate times.
  • Supply counts are checked every 10 seconds.